 Dungeon Crawl Stone Soup version 0.17.1-3-g152610e (webtiles) character file.

376 barb4r1an the Firebug (level 6, -4/36 HPs)
             Began as an Octopode Fire Elementalist on Apr 15, 2016.
             Slain by a two-headed ogre
             ... wielding a +0 giant club
              (8 damage)
             ... on level 4 of the Dungeon.
             The game lasted 00:10:58 (4069 turns).

barb4r1an the Firebug (Octopode Fire Elementalist)  Turns: 4069, Time: 00:10:58

Health: -4/36      AC:  1    Str:  8    XL:     6   Next: 73%
Magic:  5/11       EV: 12    Int: 19    God:
Gold:   116        SH:  0    Dex: 12    Spells: 2 memorised, 8 levels left

rFire  . . .     SeeInvis .     r - +2 short sword (elec)
rCold  . . .     Clarity  .     (no shield)
rNeg   . . .     SustAt   .     (helmet restricted)
rPois  .         Gourm    .     (no amulet)
rElec  .         Spirit   .     f - ring of invisibility
rCorr  .         Warding  .     (no ring)
rMut   .         Stasis   .     (no ring)
MR     .....                    (no ring)
Stlth  ++++......               (no ring)
                                (no ring)
                                (no ring)
                                (no ring)

@: very slightly contaminated, invisible, not resistant to hostile enchantments,
stealthy
A: almost no armour, amphibious, 8 rings, constrict 8, camouflage 1, gelatinous
body 1
a: Turn Visible


You were on level 4 of the Dungeon.
You were not hungry.

You visited 1 branch of the dungeon, and saw 4 of its levels.

You collected 116 gold pieces.

Inventory:

Hand Weapons
 j - a +0 morningstar
 r - a +2 short sword of electrocution (weapon)
Magical Staves
 s - an uncursed staff of summoning
Jewellery
 f - a ring of invisibility (left tentacle)
 h - an uncursed ring of stealth {unknown}
 t - an uncursed ring of fire {unknown}
Scrolls
 b - a scroll of noise {unknown}
 g - a scroll of random uselessness {unknown}
 k - a scroll of fear {unknown}
 l - a scroll of identify {unknown}
 n - 2 scrolls of remove curse
 o - 2 scrolls of immolation {unknown}
 q - 2 scrolls of enchant armour {unknown}
 u - a scroll of magic mapping {unknown}
 v - a scroll of fog {unknown}
 x - a scroll of amnesia {unknown}
Potions
 c - a potion of brilliance {unknown}
 d - 2 potions of heal wounds {unknown}
 e - a potion of curing {unknown}
 i - a potion of beneficial mutation {unknown}
 m - a potion of might {unknown}
 w - a potion of flight {unknown}
Books
 a - a book of Flames

   Spells                             Type                      Level
   a - Flame Tongue                   Conjuration/Fire             1
   b - Throw Flame                    Conjuration/Fire             2
   c - Conjure Flame                  Conjuration/Fire             3
   d - Inner Flame                    Hexes/Fire                   3
   e - Sticky Flame                   Conjuration/Fire             4
   f - Fireball                       Conjuration/Fire             5


   Skills:
 - Level 2.0 Dodging
 + Level 4.1 Stealth
 + Level 3.4 Spellcasting
 + Level 3.0 Conjurations
 + Level 4.6 Fire Magic
 + Level 2.7 Evocations


You had 8 spell levels left.
You knew the following spells:

 Your Spells              Type           Power        Failure   Level  Hunger
a - Flame Tongue          Conj/Fire      ###..        3%          1    None
b - Throw Flame           Conj/Fire      ###...       6%          2    ##.....


Dungeon Overview and Level Annotations

Branches:
Dungeon (4/15)
 Temple: D:4-7

Altars:
Fedhas
Ru

Annotations:
D:4 Pikel


Innate Abilities, Weirdness & Mutations

You cannot wear most types of armour.
You are amphibious.
You can wear up to eight rings at the same time.
You can use your tentacles to constrict eight enemies at once.
Your skin changes colour to match your surroundings (Stealth).
Your rubbery body absorbs attacks (AC +1).


Message History

There is an open door here.
Pikel waves his whip at you. The slave hits you.
You're too hungry.
Eat which item? (? for menu, Esc to quit)
The two-headed ogre misses you. The two-headed ogre closely misses you.
The slave hits you.
You continue eating.
The slave hits you. The two-headed ogre barely misses you.
The two-headed ogre hits you with a giant club!!
Ouch! That really hurt!
You continue eating.
Pikel barely misses you. The slave hits you!
* * * LOW HITPOINT WARNING * * *
You finish eating.
That bread ration really hit the spot!
You fade into invisibility!
You are very lightly contaminated with residual magic.
You feel quite a bit more hungry. The two-headed ogre closely misses you.
The two-headed ogre hits you with a giant club!
You die...

##.##...##
#........##########
#........#........#
#........#........#
#........#....[...#
#........#........#
#........#........#
###.....##...######....
#.....##@p.#.....K...
#......#OK.#.........
#......#...#.........
#......'...#..p.....
#......#...#....O#
#......#.).#.....#
#......#...'.....#
#......#...#.....+
############.....#


You could see Pikel, a two-headed ogre and a slave.

Vanquished Creatures
  A sky beast (D:4)
  A scorpion (D:4)
  A hound (D:4)
  Jessica (D:2)
  Natasha (twice) (D:2)
  2 worker ants (D:4)
  2 adders (D:3)
  3 oozes
  3 giant geckos
  4 orcs (D:3)
  5 bats
  2 giant cockroaches
  5 hobgoblins
  11 jackals
  2 quokkas
  A ball python (D:4)
  5 giant newts
  5 goblins
  8 kobolds
  7 rats
71 creatures vanquished.

Notes
Turn   | Place    | Note
--------------------------------------------------------------
     0 | D:1      | barb4r1an the Octopode Fire Elementalist began the quest for the Orb.
     0 | D:1      | Reached XP level 1. HP: 11/11 MP: 3/3
   288 | D:1      | Reached XP level 2. HP: 15/17 MP: 0/5
   966 | D:1      | Reached XP level 3. HP: 16/21 MP: 0/6
  1356 | D:2      | Found a blossoming altar of Fedhas.
  1359 | D:2      | Found a sacrificial altar of Ru.
  1455 | D:2      | Noticed Jessica
  1459 | D:2      | Learned a level 2 spell: Throw Flame
  1460 | D:2      | Killed Jessica
  1460 | D:2      | Reached XP level 4. HP: 27/27 MP: 2/7
  1716 | D:2      | Noticed Natasha
  1722 | D:2      | Killed Natasha
  1722 | D:2      | Reached skill level 1 in Evocations
  1982 | D:2      | Noticed Natasha
  1986 | D:2      | Killed Natasha
  1986 | D:2      | Reached skill level 4 in Fire Magic
  2451 | D:3      | Reached XP level 5. HP: 31/31 MP: 4/9
  3585 | D:4      | Noticed a sky beast
  3600 | D:4      | Killed a sky beast
  3600 | D:4      | Reached XP level 6. HP: 6/36 MP: 1/10
  4049 | D:4      | Noticed a slave
  4052 | D:4      | Noticed a two-headed ogre
  4053 | D:4      | Noticed Pikel
  4054 | D:4      | Noticed a slave
  4069 | D:4      | Slain by a two-headed ogre

Action                   |  1- 3 |  4- 6 || total
-------------------------+-------+-------++-------
Melee: Unarmed           |    33 |       ||    33
       Short sword       |       |    10 ||    10
 Cast: Flame Tongue      |    50 |    56 ||   106
       Throw Flame       |     1 |    29 ||    30
 Abil: Evoke Invisibilit |       |     1 ||     1
  Use: Scroll            |       |     1 ||     1
  Eat: Bread ration      |     1 |     1 ||     2
       Meat ration       |       |     1 ||     1
